 Dungeon Crawl Stone Soup version 0.21.1-1-g345015f (webtiles) character file.

16 Goblin1989 the Cutter (level 2, -6/22 HPs)
             Began as a Demonspawn Skald on Feb 22, 2018.
             Mangled by a gnoll
             ... wielding a cursed -2 whip
              (8 damage)
             ... on level 1 of the Dungeon.
             The game lasted 00:03:25 (393 turns).

Goblin1989 the Cutter (Demonspawn Skald)             Turns: 393, Time: 00:03:26

Health: -6/22      AC:  3    Str: 11    XL:     2   Next: 41%
Magic:  4/5        EV: 11    Int: 14    God:
Gold:   11         SH:  0    Dex: 12    Spells: 4/5 levels left

rFire    . . .     SeeInvis .   a - +0 short sword
rCold    . . .     Gourm    .   (no shield)
rNeg     . . .     Faith    .   b - +0 leather armour
rPois    .         Spirit   .   (no helmet)
rElec    .         Reflect  .   (no cloak)
rCorr    .         Harm     .   (no gloves)
MR       .....                  (no boots)
Stlth    +.........             (no amulet)
HPRegen  0.07/turn              (no ring)
MPRegen  0.09/turn              (no ring)

@: very slightly contaminated
A: claws 1
a: no special abilities


You were on level 1 of the Dungeon.
You were not hungry.

You visited 1 branch of the dungeon, and saw 2 of its levels.

You collected 11 gold pieces.

Inventory:

Hand Weapons
 a - a +0 short sword (weapon)
Armour
 b - a +0 leather armour (worn)
Books
 c - a book of Battle

   Spells                             Type                      Level
   a - Infusion                       Charms                       1
   b - Shroud of Golubria             Charms/Translocation         2
   c - Song of Slaying                Charms                       2
   d - Spectral Weapon                Hexes/Charms                 3
   e - Regeneration                   Charms/Necromancy            3
Comestibles
 e - a ration


   Skills:
 - Level 2.0 Fighting
 - Level 2.7 Short Blades
 - Level 0.8 Armour
 - Level 1.7 Dodging
 + Level 0.4 Unarmed Combat
 - Level 2.0 Spellcasting
 - Level 2.6 Charms


You had 4 spell levels left.
You knew the following spells:

 Your Spells              Type           Power        Failure   Level  Hunger
a - Infusion              Chrm           #...         11%         1    ##.....


Dungeon Overview and Level Annotations

Branches:
Dungeon (2/15)

Altars:


Innate Abilities, Weirdness & Mutations

You have sharp fingernails.


Message History

Casting: Infusion
Confirm with . or Enter, or press ? or * to list all spells.
You begin infusing your attacks with magical energy.
The kobold hits you but does no damage.
You now have 2/5 mp.
You hit the kobold.
You kill the kobold!
You now have 1/5 mp.
Unknown command.
The kobold throws a stone.
The stone hits you but does no damage.
You see here a stone.
A goblin and a kobold come into view.
The kobold is wielding a whip of venom.
The kobold shouts!
You see here a stone.
The kobold hits you but does no damage.
You barely miss the kobold. The kobold closely misses you.
You hit the kobold.
You kill the kobold!
The goblin completely misses you.
You now have 0/5 mp.
Items here: )) †† a whip; a dagger; a kobold corpse x2
You see here a stone.
You see here a stone.
Your magical infusion is running out.
You are no longer magically infusing your attacks.
Press: ? - help, v - describe, . - travel
Here: a kobold, wielding a whip of venom The floor.
Unknown command.
The goblin hits you with a club.
* * * LOW HITPOINT WARNING * * *
You take 2 damage, and have 3/22 hp.
MP restored: 5 Some of the chunks of flesh in your inventory have rotted away.
You see here a stone.
You see here a stone.
Items here: )) †† a whip; a dagger; a kobold corpse x2
You see here a stone.
Some of the chunks of flesh in your inventory have rotted away.
You see here a stone.
Items here: )) †† a whip; a dagger; a kobold corpse x2
You see here a stone.
Found a stone staircase leading down.
All of the chunks of flesh in your inventory have rotted away.
You see here a stone.
Items here: )) †† a whip; a dagger; a kobold corpse x2
You see here a stone.
There is a stone staircase leading down here.
The goblin hits you but does no damage.
You climb downwards.
A hobgoblin and 4 gnolls come into view.
The hobgoblin shouts!
The gnoll shouts! x3
Found a stone staircase leading down.
There is a stone staircase leading up here.
Unknown command.
A bat comes into view.
The gnoll misses you. The hobgoblin misses you.
Found a stone staircase leading up.
There is a stone staircase leading up here.
You climb upwards.
A hobgoblin comes into view. It is wielding a club.
There is a stone staircase leading down here.
You climb downwards.
The gnoll barely misses you. The gnoll hits you with a club.
The gnoll closely misses you.
There is a stone staircase leading up here.
You take 4 damage, and have 10/22 hp.
The gnoll hits you but does no damage. The gnoll closely misses you.
You climb upwards.
The hobgoblin hits you but does no damage.
There is a stone staircase leading down here.
You hit the hobgoblin.
The hobgoblin is heavily wounded.
The hobgoblin hits you with a club.
* * * LOW HITPOINT WARNING * * *
The gnoll hits you but does no damage.
You take 1 damage, and have 9/22 hp.
You hit the hobgoblin.
You kill the hobgoblin!
The gnoll hits you with a whip.
* * * LOW HITPOINT WARNING * * *
You take 5 damage, and have 4/22 hp.
MASSIVE DAMAGE!!
Things that are here:
a club; a hobgoblin corpse A leopard gecko comes into view.
The leopard gecko hisses angrily.
Unknown command.
Casting: Infusion
Confirm with . or Enter, or press ? or * to list all spells.
You miscast Infusion.
You are very lightly contaminated with residual magic.
Strange energies run through your body. The gnoll hits you with a whip.
* * * LOW HITPOINT WARNING * * *
You take 2 damage, and have 2/22 hp.
You now have 4/5 mp.
You hit the leopard gecko but do no damage.
The gnoll hits you with a whip!
You die...

█.█
█.█
█>█
█)█
█.█
█.█


█g█ █g█ █@█ █l█ █.█ █.█ █.█ ..█ █.█ ███ You could see 2 gnolls and a leopard
gecko.

Vanquished Creatures
  An ooze (D:1)
  A leopard gecko (D:1)
  A giant cockroach (D:1)
  A goblin (D:1)
  A hobgoblin (D:1)
  2 kobolds (D:1)
  3 bats (D:1)
  A frilled lizard (D:1)
  A rat (D:1)
12 creatures vanquished.

Notes
Turn   | Place    | Note
-------+----------+-------------------------------------------
     0 | D:1      | Goblin1989 the Demonspawn Skald began the quest for the Orb.
     0 | D:1      | Reached XP level 1. HP: 16/16 MP: 3/3
   141 | D:1      | Gained mutation: You have sharp fingernails. [demonic ancestry]
   141 | D:1      | Reached XP level 2. HP: 4/22 MP: 1/5
   393 | D:1      | Mangled by a gnoll

Skill      XL: |  1 |
---------------+----+-----
Short Blades   | 2 |  2.7
Fighting       | |  2.0
Armour         | |  0.8
Dodging        | |  1.7
Unarmed Combat | |  0.4
Spellcasting   | |  2.0
Charms         | |  2.6

Action                   || total
-------------------------++-------
Melee: Short sword       ||    42
 Cast: Infusion          ||     2
Armor: Leather armour    ||    25
Dodge: Dodged            ||    35

Vault maps used:
D:1:      mrwooster_arrival_statue_2
D:2:      okawaru_gym_becter, kennysheep_slug_shrine, columned_hall_lemuel,
          minmay_misc_feat_iff, tgw_fedhas
